WCHLSIM.com - West Coast Hockey League
html PUBLIC "-//W3C//DTD XHTML 1.0 Transitional//EN" "http://www.w3.org/TR/xhtml1/DTD/xhtml1-transitional.dtd"> WCHL - Game 291 - NORTH DAKOTA HAWKS vs SAN FRANCISCO SPIDERS

NORTH DAKOTA HAWKS vs SAN FRANCISCO SPIDERS

Created - 24 novembre 2022 at 07:23

Goals
1 2 3 T
NORTH DAKOTA HAWKS 0 1 0 1
SAN FRANCISCO SPIDERS 0 2 0 2
Shots
1 2 3 T
NORTH DAKOTA HAWKS 13 6 6 25
SAN FRANCISCO SPIDERS 13 12 15 40

1st period

No Goal

Penalties :
Erik Johnson (NDH) for Roughing (Minor) at 3:25

2nd period

1. SAN FRANCISCO SPIDERS , Jared McCann 4 (Bo Horvat 11, Mark Stone 9) at 2:59 (PP)
2. NORTH DAKOTA HAWKS , Nazem Kadri 9 (Jason Robertson 14, Jordan Kyrou 9) at 11:13 (PP)
3. SAN FRANCISCO SPIDERS , Erik Gudbranson 2 (Mark Stone 10, Bo Horvat 12) at 15:20 (PP)

Penalties :
Nick Holden (NDH) for Tripping (Minor) at 1:42, Alexander Kerfoot (SAF) for Hooking (Minor) at 10:33, Nick Holden (NDH) for Interference (Minor) at 13:45

3rd period

No Goal

Penalties :
Bo Horvat (SAF) for Holding (Minor) at 3:35, Nick Holden (NDH) for Tripping (Minor) at 6:55

Goalie Stats

Carter Hart (NDH), 38 saves from 40 shots - (0,950), L, 7-3-1, 59:49 minutes
Igor Shesterkin (SAF), 24 saves from 25 shots - (0,960), W, 7-7-0, 60:00 minutes

Players Stats for NORTH DAKOTA HAWKS

Player Name              G  A  P  +/- PIM S  H  SB GA TA FO     MP     PP MP  PK MP  
------------------------------------------------------------------------------------
Alex Killorn             0  0  0   0  0   7  0  0  0  0  2/3    17:23   1:02   0:00 
Dillon Dube              0  0  0   0  0   0  0  0  0  0  2/5     8:09   0:00   1:02 
Erik Johnson             0  0  0   0  2   0  6  1  0  0  0/0    21:34   0:51   1:47 
Frank Vatrano            0  0  0   0  0   0  0  0  0  0  0/0     6:52   0:00   0:27 
Jack Hughes              0  0  0   0  0   2  0  0  0  0  5/21   12:26   0:57   0:00 
Jake DeBrusk             0  0  0   0  0   1  0  0  0  0  0/0    16:03   0:00   5:07 
Jason Robertson          0  1  1   0  0   2  0  0  0  0  0/1    19:08   1:37   0:42 
Jordan Kyrou             0  1  1   0  0   2  2  0  0  0  0/3    19:26   1:37   1:00 
Marc Staal               0  0  0   0  0   0  0  1  0  0  0/0    19:52   0:09   3:48 
Mathew Dumba             0  0  0   0  0   0  1  2  0  0  0/0     6:01   0:00   1:15 
Nazem Kadri              1  0  1   0  0   6  2  0  0  0  11/26  19:00   1:37   0:34 
Nic Dowd                 0  0  0   0  0   0  0  0  0  0  9/14   10:39   0:00   4:14 
Nick Holden              0  0  0   0  6   0  1  5  0  0  0/0    20:31   0:00   1:15 
Nick Suzuki              0  0  0   0  0   2  1  0  0  0  13/24  17:23   1:02   0:00 
Patrick Kane             0  0  0   0  0   1  1  0  0  0  0/0    12:38   1:42   0:00 
Quinton Hughes           0  0  0   0  0   0  0  0  0  0  0/0    23:34   1:39   3:46 
Reyley Smith             0  0  0   0  0   2  0  0  0  0  0/1    17:57   1:02   0:34 
Ryan Lindgren            0  0  0   0  0   0  3  4  0  0  0/0    24:30   0:00   1:49 

Players Stats for SAN FRANCISCO SPIDERS

Player Name              G  A  P  +/- PIM S  H  SB GA TA FO     MP     PP MP  PK MP  
------------------------------------------------------------------------------------
Adam Larsson             0  0  0   0  0   0  1  0  0  0  0/0    23:39   3:27   1:06 
Alexander Kerfoot        0  0  0   0  2   3  1  0  0  0  0/0    16:54   0:00   0:09 
Andrei Svechnikov        0  0  0   0  0   5  5  0  0  0  1/7    21:35   3:22   1:38 
Bo Horvat                0  2  2   0  2   4  2  0  0  0  28/36  21:17   3:28   0:40 
Brenden Dillon           0  0  0   0  0   1  1  0  0  0  0/0    22:40   3:23   1:33 
Eeli Tolvanen            0  0  0   0  0   0  0  0  0  0  0/0     4:04   0:00   0:00 
Erik Gudbranson          1  0  1   0  0   3  2  0  0  0  0/0    23:17   3:27   1:33 
Jared McCann             1  0  1   0  0   5  2  0  0  0  10/19  15:59   3:28   0:00 
Kirby Dach               0  0  0   0  0   1  0  0  0  0  0/0    13:20   0:00   0:49 
Mark Stone               0  2  2   0  0   5  1  0  0  0  0/1    21:39   3:28   1:01 
Michael Anderson         0  0  0   0  0   1  0  1  0  0  0/0    14:47   0:00   1:06 
Sean Durzi               0  0  0   0  0   1  0  1  0  0  0/0    21:21   3:23   0:00 
Sean Walker              0  0  0   0  0   0  2  0  0  0  0/0    14:16   0:00   0:00 
Trent Frederic           0  0  0   0  0   1  0  0  0  0  0/3     4:04   0:00   0:00 
Trevor Moore             0  0  0   0  0   2  1  0  0  0  0/1    15:53   3:22   0:00 
Viktor Arvidsson         0  0  0   0  0   3  0  0  0  0  1/2    17:21   0:00   0:00 
Zach Hyman               0  0  0   0  0   5  1  1  0  0  16/29  21:09   3:22   1:01 
Zack Kassian             0  0  0   0  0   0  1  0  0  0  0/0     4:04   0:00   0:00 

3 Stars

1 - Carter Hart (NDH)
2 - Igor Shesterkin (SAF)
3 - Erik Gudbranson (SAF)

Power Play

NORTH DAKOTA HAWKS - 1 on 2 Attempt(s) - 50,00%
SAN FRANCISCO SPIDERS - 2 on 4 Attempt(s) - 50,00%

Penalty Kill

NORTH DAKOTA HAWKS - 2 on 4 Attempt(s) - 50,00% - Score 0 goal in Penalty Kill
SAN FRANCISCO SPIDERS - 1 on 2 Attempt(s) - 50,00% - Score 0 goal in Penalty Kill

Team Stat

NORTH DAKOTA HAWKS - Hits : 17 - Faceoff Wins : 42 - Blocked Shots : 13 - Penalty Minutes : 8
SAN FRANCISCO SPIDERS - Hits : 20 - Faceoff Wins : 56 - Blocked Shots : 3 - Penalty Minutes : 4

Official

Referees : Marc Joannette and Mike Duco
Linesman : Steve Barton and Greg Devorski

Game Notes

Mathew Dumba is injured at 16:42 of 1st period (Strained Right Elbow)

Finance

Level 1 -- Attendance: 6105 (100,00%) -- Ticket Income 915 750 $
Level 2 -- Attendance: 5180 (100,00%) -- Ticket Income 518 000 $
Level 3 -- Attendance: 2035 (100,00%) -- Ticket Income 162 800 $
Level 4 -- Attendance: 4006 (95,84%) -- Ticket Income 240 360 $
Luxury Box -- Attendance: 803 (80,30%) -- Ticket Income 240 900 $
Game was played at the Bay Area Sports Center.
Total Attendance: 18129 (97,99%)
Total Ticket Income: 2 077 810 $
Other Expense: 20 778 $
Total Income: 2 057 032 $

NORTH DAKOTA HAWKS

5 vs 5 Forward 
   Center                   Left Wing                Right Wing               Time % Phy DF OF 
 1 Nazem Kadri              Jason Robertson          Jordan Kyrou             35     0   3  2  
 2 Nick Suzuki              Alex Killorn             Reyley Smith             30     0   3  2  
 3 Jack Hughes              Jake DeBrusk             Patrick Kane             22     0   4  1  
 4 Nic Dowd                 Dillon Dube              Frank Vatrano            13     0   4  1  

5 vs 5 Defense 
   Defense                  Defense                                           Time % Phy DF OF 
 1 Quinton Hughes           Erik Johnson                                      37     0   4  1  
 2 Nick Holden              Mathew Dumba                                      33     0   5  0  
 3 Ryan Lindgren            Marc Staal                                        20     0   5  0  
 4 Ryan Lindgren            Marc Staal                                        10     0   5  0  

PowerPlay Forward 
   Center                   Left Wing                Right Wing               Time % Phy DF OF 
 1 Nazem Kadri              Jason Robertson          Jordan Kyrou             55     0   0  5  
 2 Nick Suzuki              Alex Killorn             Reyley Smith             45     0   0  5  

PowerPlay Defense
   Defense                  Defense                                           Time % Phy DF OF 
 1 Jack Hughes              Quinton Hughes                                    55     0   0  5  
 2 Mathew Dumba             Patrick Kane                                      45     0   0  5  

Penalty Kill 4 Players Forward 
   Center                   Wing                     Time % Phy DF OF 
 1 Nic Dowd                 Jake DeBrusk             70     0   5  0  
 2 Nazem Kadri              Reyley Smith             30     0   5  0  

Penalty Kill 4 Players Defense
   Defense                  Defense                  Time % Phy DF OF 
 1 Nick Holden              Mathew Dumba             70     0   5  0  
 2 Ryan Lindgren            Erik Johnson             30     0   5  0  

Penalty Kill - 3 Players Forward 
   Forward                                           Time % Phy DF OF 
 1 Nic Dowd                                          70     0   5  0  
 2 Nazem Kadri                                       30     0   5  0  

Penalty Kill - 3 Players Defense
   Defense                  Defense                  Time % Phy DF OF 
 1 Nick Holden              Mathew Dumba             70     0   5  0  
 2 Ryan Lindgren            Erik Johnson             30     0   5  0  

4 vs 4 Forward 
   Center                   Wing                     Time % Phy DF OF 
 1 Nazem Kadri              Jason Robertson          55     0   0  5  
 2 Nick Suzuki              Patrick Kane             45     0   0  5  

4 vs 4 Defense
   Defense                  Defense                  Time % Phy DF OF 
 1 Quinton Hughes           Erik Johnson             55     0   1  4  
 2 Nick Holden              Mathew Dumba             45     0   1  4  

Last Minutes Offensive
   Center                   Left Wing                Right Wing               Defense                  Defense                  
   Nazem Kadri              Jason Robertson          Jordan Kyrou             Quinton Hughes           Jack Hughes              

Last Minutes Defensive
   Center                   Left Wing                Right Wing               Defense                  Defense                  
   Nazem Kadri              Jason Robertson          Reyley Smith             Ryan Lindgren            Erik Johnson             

Goaltenders
Starting : Carter Hart              
Backup : Pavel Francouz           

Extra Forwards
Normal : Dillon Dube, Frank Vatrano, Jake DeBrusk - PP : Jake DeBrusk, Frank Vatrano - PK : Dillon Dube
Extra Defensemen
Normal : Ryan Lindgren, Marc Staal, Erik Johnson - PP : Erik Johnson - PK : Marc Staal, Quinton Hughes
Penalty Shots
Nazem Kadri, Jack Hughes, Jason Robertson, Patrick Kane, Jordan Kyrou
Custom OT Lines Forwards
Nazem Kadri, Patrick Kane, Jason Robertson, Jack Hughes, Jordan Kyrou, Nick Suzuki, Alex Killorn, Reyley Smith, Jake DeBrusk, Frank Vatrano
Custom OT Lines Defensemen
Quinton Hughes, Mathew Dumba, Erik Johnson, Nick Holden, Ryan Lindgren

Scratches
Connor Clifton (Healthy), Colin Blackwell (Healthy), Josh Manson (Healthy)

SAN FRANCISCO SPIDERS

5 vs 5 Forward 
   Center                   Left Wing                Right Wing               Time % Phy DF OF 
 1 Bo Horvat                Andrei Svechnikov        Mark Stone               35     0   1  4  
 2 Zach Hyman               Alexander Kerfoot        Viktor Arvidsson         35     0   1  4  
 3 Jared McCann             Kirby Dach               Trevor Moore             25     0   2  3  
 4 Trent Frederic           Eeli Tolvanen            Zack Kassian             5      1   4  0  

5 vs 5 Defense 
   Defense                  Defense                                           Time % Phy DF OF 
 1 Erik Gudbranson          Brenden Dillon                                    40     0   4  1  
 2 Adam Larsson             Sean Durzi                                        40     0   4  1  
 3 Michael Anderson         Sean Walker                                       20     0   5  0  
 4 Adam Larsson             Erik Gudbranson                                   0      0   4  1  

PowerPlay Forward 
   Center                   Left Wing                Right Wing               Time % Phy DF OF 
 1 Bo Horvat                Jared McCann             Mark Stone               50     0   1  4  
 2 Zach Hyman               Andrei Svechnikov        Trevor Moore             50     0   1  4  

PowerPlay Defense
   Defense                  Defense                                           Time % Phy DF OF 
 1 Erik Gudbranson          Adam Larsson                                      50     0   3  2  
 2 Brenden Dillon           Sean Durzi                                        50     0   3  2  

Penalty Kill 4 Players Forward 
   Center                   Wing                     Time % Phy DF OF 
 1 Zach Hyman               Mark Stone               50     0   5  0  
 2 Andrei Svechnikov        Bo Horvat                50     0   5  0  

Penalty Kill 4 Players Defense
   Defense                  Defense                  Time % Phy DF OF 
 1 Michael Anderson         Adam Larsson             50     0   5  0  
 2 Brenden Dillon           Erik Gudbranson          50     0   5  0  

Penalty Kill - 3 Players Forward 
   Forward                                           Time % Phy DF OF 
 1 Mark Stone                                        55     0   5  0  
 2 Bo Horvat                                         45     0   5  0  

Penalty Kill - 3 Players Defense
   Defense                  Defense                  Time % Phy DF OF 
 1 Michael Anderson         Adam Larsson             50     0   5  0  
 2 Brenden Dillon           Erik Gudbranson          50     0   5  0  

4 vs 4 Forward 
   Center                   Wing                     Time % Phy DF OF 
 1 Jared McCann             Mark Stone               55     0   2  3  
 2 Andrei Svechnikov        Bo Horvat                45     0   2  3  

4 vs 4 Defense
   Defense                  Defense                  Time % Phy DF OF 
 1 Michael Anderson         Adam Larsson             55     0   4  1  
 2 Brenden Dillon           Erik Gudbranson          45     0   4  1  

Last Minutes Offensive
   Center                   Left Wing                Right Wing               Defense                  Defense                  
   Bo Horvat                Viktor Arvidsson         Mark Stone               Sean Walker              Adam Larsson             

Last Minutes Defensive
   Center                   Left Wing                Right Wing               Defense                  Defense                  
   Bo Horvat                Viktor Arvidsson         Mark Stone               Sean Walker              Adam Larsson             

Goaltenders
Starting : Igor Shesterkin          
Backup : Malcolm Subban           

Extra Forwards
Normal : Jared McCann, Alexander Kerfoot, Kirby Dach - PP : Jared McCann, Alexander Kerfoot - PK : Kirby Dach
Extra Defensemen
Normal : Adam Larsson, Sean Durzi, Brenden Dillon - PP : Michael Anderson - PK : Adam Larsson, Brenden Dillon
Penalty Shots
Mark Stone, Viktor Arvidsson, Andrei Svechnikov, Bo Horvat, Zach Hyman
Custom OT Lines Forwards
Mark Stone, Viktor Arvidsson, Andrei Svechnikov, Bo Horvat, Zach Hyman, Trevor Moore, Jared McCann, Alexander Kerfoot, Kirby Dach, Eeli Tolvanen
Custom OT Lines Defensemen
Sean Durzi, Adam Larsson, Brenden Dillon, Erik Gudbranson, Michael Anderson

Scratches
Darnell Nurse (Fractured Right Foot Injury)

% Time on Ice - NORTH DAKOTA HAWKS

Lines # - Real PCT - Wanted PCT - Time Play
Normal Forward
1 - 33% - 35% - 16:16
2 - 33% - 30% - 16:21
3 - 22% - 22% - 10:56
4 - 13% - 13% - 6:25
Normal Defense
1 - 31% - 37% - 15:27
2 - 40% - 33% - 20:01
3 - 22% - 20% - 11:06
4 - 7% - 10% - 3:24
PP Forward
1 - 61% - 55% - 1:37
2 - 39% - 45% - 1:02
PP Defense
1 - 36% - 55% - 0:57
2 - 64% - 45% - 1:42
PK Forward
1 - 92% - 70% - 6:16
2 - 8% - 30% - 0:34
PK Defense
1 - 89% - 70% - 6:06
2 - 11% - 30% - 0:44
PK3 Forward
1 - 0% - 70%
2 - 0% - 30%
PK3 Defense
1 - 0% - 70%
2 - 0% - 30%
44 Forward
1 - 0% - 55%
2 - 0% - 45%
44 Defense
1 - 0% - 55%
2 - 0% - 45%
Last Minute Offensive  - 0:33
Last Minute Defensive  - 0:00
Total
Forward - 60:00
Defense - 60:00

% Time on Ice - SAN FRANCISCO SPIDERS

Lines # - Real PCT - Wanted PCT - Time Play
Normal Forward
1 - 33% - 35% - 16:35
2 - 34% - 35% - 16:46
3 - 25% - 25% - 12:31
4 - 8% - 5% - 4:04
Normal Defense
1 - 36% - 40% - 17:44
2 - 36% - 40% - 17:58
3 - 27% - 20% - 13:41
4 - 1% - 0% - 0:33
PP Forward
1 - 51% - 50% - 3:28
2 - 49% - 50% - 3:22
PP Defense
1 - 50% - 50% - 3:27
2 - 50% - 50% - 3:23
PK Forward
1 - 38% - 50% - 1:01
2 - 62% - 50% - 1:38
PK Defense
1 - 42% - 50% - 1:06
2 - 58% - 50% - 1:33
PK3 Forward
1 - 0% - 55%
2 - 0% - 45%
PK3 Defense
1 - 0% - 50%
2 - 0% - 50%
44 Forward
1 - 0% - 55%
2 - 0% - 45%
44 Defense
1 - 0% - 55%
2 - 0% - 45%
Last Minute Offensive  - 0:00
Last Minute Defensive  - 0:35
Total
Forward - 60:00
Defense - 60:00

Play-by-Play

1st period


0:01 of 1st period - Nazem Kadri wins face-off versus Andrei Svechnikov in neutral zone.
0:14 of 1st period - Shot by Jordan Kyrou.
0:14 of 1st period - Stopped by Igor Shesterkin without a rebound.
0:15 of 1st period - Zach Hyman wins face-off versus Nick Suzuki in SAN FRANCISCO SPIDERS zone.
0:29 of 1st period - Shot by Viktor Arvidsson.
0:29 of 1st period - Shot Misses the Net.
0:31 of 1st period - Shot by Zach Hyman.
0:31 of 1st period - Shot Misses the Net.
0:33 of 1st period - Shot by Alexander Kerfoot.
0:33 of 1st period - Stopped by Carter Hart without a rebound.
0:34 of 1st period - Jack Hughes wins face-off versus Jared McCann in NORTH DAKOTA HAWKS zone.
0:34 of 1st period - Jack Hughes is hit by Trevor Moore.
1:07 of 1st period - Icing by Jake DeBrusk.
1:08 of 1st period - Bo Horvat wins face-off versus Jack Hughes in NORTH DAKOTA HAWKS zone.
1:11 of 1st period - Shot by Andrei Svechnikov.
1:11 of 1st period - Stopped by Carter Hart without a rebound.
1:12 of 1st period - Bo Horvat wins face-off versus Nazem Kadri in NORTH DAKOTA HAWKS zone.
1:12 of 1st period - Mark Stone is hit by Erik Johnson and loses puck.
1:21 of 1st period - Shot by Andrei Svechnikov.
1:21 of 1st period - Stopped by Carter Hart without a rebound.
1:22 of 1st period - Zach Hyman wins face-off versus Dillon Dube in NORTH DAKOTA HAWKS zone.
1:47 of 1st period - Shot by Viktor Arvidsson.
1:47 of 1st period - Shot Blocked by Mathew Dumba.
1:49 of 1st period - Shot by Viktor Arvidsson.
1:49 of 1st period - Stopped by Carter Hart without a rebound.
1:50 of 1st period - Nick Suzuki wins face-off versus Andrei Svechnikov in NORTH DAKOTA HAWKS zone.
1:50 of 1st period - Nick Suzuki is hit by Andrei Svechnikov.
2:00 of 1st period - Shot by Alex Killorn.
2:00 of 1st period - Shot Misses the Net.
2:02 of 1st period - Shot by Reyley Smith.
2:02 of 1st period - Deflect By Nick Suzuki.
2:02 of 1st period - Stopped by Igor Shesterkin without a rebound.
2:03 of 1st period - Nazem Kadri wins face-off versus Trent Frederic in SAN FRANCISCO SPIDERS zone.
2:48 of 1st period - Shot by Jason Robertson.
2:48 of 1st period - Stopped by Igor Shesterkin without a rebound.
2:49 of 1st period - Bo Horvat wins face-off versus Nick Suzuki in SAN FRANCISCO SPIDERS zone.
2:49 of 1st period - Bo Horvat is hit by Nick Suzuki.
3:00 of 1st period - Andrei Svechnikov is hit by Erik Johnson and loses puck.
3:08 of 1st period - Icing by Erik Johnson.
3:09 of 1st period - Zach Hyman wins face-off versus Nick Suzuki in NORTH DAKOTA HAWKS zone.
3:25 of 1st period - Minor Penalty to Erik Johnson for Roughing.
3:26 of 1st period - Nic Dowd wins face-off versus Bo Horvat in NORTH DAKOTA HAWKS zone.
3:52 of 1st period - Shot by Jared McCann.
3:52 of 1st period - Stopped by Carter Hart without a rebound.
3:53 of 1st period - Zach Hyman wins face-off versus Nic Dowd in NORTH DAKOTA HAWKS zone.
4:35 of 1st period - Icing by Andrei Svechnikov.
4:36 of 1st period - Zach Hyman wins face-off versus Nic Dowd in SAN FRANCISCO SPIDERS zone.
4:38 of 1st period - Icing by Andrei Svechnikov.
4:39 of 1st period - Andrei Svechnikov wins face-off versus Nic Dowd in SAN FRANCISCO SPIDERS zone.
5:38 of 1st period - Eeli Tolvanen is hit by Erik Johnson and loses puck.
5:53 of 1st period - Shot by Nazem Kadri.
5:53 of 1st period - Stopped by Igor Shesterkin without a rebound.
5:54 of 1st period - Viktor Arvidsson wins face-off versus Reyley Smith in SAN FRANCISCO SPIDERS zone.
6:06 of 1st period - Shot by Reyley Smith.
6:06 of 1st period - Shot Misses the Net.
6:08 of 1st period - Shot by Nick Suzuki.
6:08 of 1st period - Shot Misses the Net.
6:14 of 1st period - Shot by Alex Killorn.
6:14 of 1st period - Stopped by Igor Shesterkin with a rebound.
6:16 of 1st period - Shot by Reyley Smith.
6:16 of 1st period - Shot Misses the Net.
6:20 of 1st period - Shot by Alex Killorn.
6:20 of 1st period - Shot Misses the Net.
6:26 of 1st period - Shot by Alex Killorn.
6:26 of 1st period - Stopped by Igor Shesterkin without a rebound.
6:27 of 1st period - Jack Hughes wins face-off versus Mark Stone in SAN FRANCISCO SPIDERS zone.
6:30 of 1st period - Shot by Patrick Kane.
6:30 of 1st period - Shot Misses the Net.
6:32 of 1st period - Shot by Jack Hughes.
6:32 of 1st period - Shot Misses the Net.
6:44 of 1st period - Shot by Patrick Kane.
6:44 of 1st period - Deflect By Jack Hughes.
6:44 of 1st period - Shot Misses the Net.
8:05 of 1st period - Icing by Brenden Dillon.
8:06 of 1st period - Jared McCann wins face-off versus Nick Suzuki in SAN FRANCISCO SPIDERS zone.
8:16 of 1st period - Icing by Mathew Dumba.
8:17 of 1st period - Zach Hyman wins face-off versus Nick Suzuki in NORTH DAKOTA HAWKS zone.
8:33 of 1st period - Zach Hyman is hit by Mathew Dumba and loses puck.
8:48 of 1st period - Shot by Alexander Kerfoot.
8:48 of 1st period - Deflect By Viktor Arvidsson.
8:48 of 1st period - Stopped by Carter Hart with a rebound.
8:51 of 1st period - Icing by Mathew Dumba.
8:52 of 1st period - Nick Suzuki wins face-off versus Jared McCann in NORTH DAKOTA HAWKS zone.
9:34 of 1st period - Shot by Trevor Moore.
9:34 of 1st period - Stopped by Carter Hart without a rebound.
9:35 of 1st period - Nic Dowd wins face-off versus Zach Hyman in NORTH DAKOTA HAWKS zone.
9:35 of 1st period - Nic Dowd is hit by Alexander Kerfoot.
9:45 of 1st period - Shot by Alexander Kerfoot.
9:45 of 1st period - Shot Misses the Net.
9:47 of 1st period - Shot by Alexander Kerfoot.
9:47 of 1st period - Shot Misses the Net.
9:49 of 1st period - Shot by Alexander Kerfoot.
9:49 of 1st period - Shot Blocked by Ryan Lindgren.
9:51 of 1st period - Shot by Viktor Arvidsson.
9:51 of 1st period - Shot Blocked by Ryan Lindgren.
9:55 of 1st period - Shot by Viktor Arvidsson.
9:55 of 1st period - Shot Misses the Net.
9:57 of 1st period - Shot by Zach Hyman.
9:57 of 1st period - Shot Misses the Net.
10:09 of 1st period - Shot by Zach Hyman.
10:09 of 1st period - Shot Misses the Net.
11:00 of 1st period - Nazem Kadri is hit by Andrei Svechnikov and loses puck.
11:10 of 1st period - Andrei Svechnikov is hit by Erik Johnson and loses puck.
11:51 of 1st period - Shot by Jared McCann.
11:51 of 1st period - Stopped by Carter Hart without a rebound.
11:52 of 1st period - Zach Hyman wins face-off versus Jack Hughes in NORTH DAKOTA HAWKS zone.
12:14 of 1st period - Alexander Kerfoot is hit by Nick Holden and loses puck.
12:32 of 1st period - Patrick Kane is hit by Adam Larsson and loses puck.
12:36 of 1st period - Icing by Sean Durzi.
12:37 of 1st period - Zach Hyman wins face-off versus Nick Suzuki in SAN FRANCISCO SPIDERS zone.
13:09 of 1st period - Shot by Nick Suzuki.
13:09 of 1st period - Stopped by Igor Shesterkin with a rebound.
13:11 of 1st period - Shot by Alex Killorn.
13:11 of 1st period - Stopped by Igor Shesterkin without a rebound.
13:12 of 1st period - Nazem Kadri wins face-off versus Andrei Svechnikov in SAN FRANCISCO SPIDERS zone.
13:35 of 1st period - Shot by Andrei Svechnikov.
13:35 of 1st period - Stopped by Carter Hart without a rebound.
13:36 of 1st period - Jared McCann wins face-off versus Jack Hughes in NORTH DAKOTA HAWKS zone.
13:51 of 1st period - Shot by Jared McCann.
13:51 of 1st period - Deflect By Kirby Dach.
13:51 of 1st period - Stopped by Carter Hart without a rebound.
13:52 of 1st period - Bo Horvat wins face-off versus Nazem Kadri in NORTH DAKOTA HAWKS zone.
14:04 of 1st period - Andrei Svechnikov is hit by Ryan Lindgren and loses puck.
14:13 of 1st period - Shot by Nazem Kadri.
14:13 of 1st period - Stopped by Igor Shesterkin without a rebound.
14:14 of 1st period - Jared McCann wins face-off versus Alex Killorn in SAN FRANCISCO SPIDERS zone.
14:40 of 1st period - Shot by Trevor Moore.
14:40 of 1st period - Stopped by Carter Hart without a rebound.
14:41 of 1st period - Zach Hyman wins face-off versus Jack Hughes in NORTH DAKOTA HAWKS zone.
14:50 of 1st period - Shot by Zach Hyman.
14:50 of 1st period - Shot Misses the Net.
14:52 of 1st period - Shot by Erik Gudbranson.
14:52 of 1st period - Stopped by Carter Hart without a rebound.
14:53 of 1st period - Bo Horvat wins face-off versus Jordan Kyrou in NORTH DAKOTA HAWKS zone.
14:56 of 1st period - Shot by Andrei Svechnikov.
14:56 of 1st period - Stopped by Carter Hart without a rebound.
14:57 of 1st period - Bo Horvat wins face-off versus Nazem Kadri in NORTH DAKOTA HAWKS zone.
14:58 of 1st period - Shot by Andrei Svechnikov.
14:58 of 1st period - Shot Misses the Net.
15:01 of 1st period - Icing by Erik Johnson.
15:02 of 1st period - Nazem Kadri wins face-off versus Bo Horvat in NORTH DAKOTA HAWKS zone.
15:16 of 1st period - Icing by Nazem Kadri.
15:17 of 1st period - Zach Hyman wins face-off versus Jason Robertson in NORTH DAKOTA HAWKS zone.
15:17 of 1st period - Viktor Arvidsson is hit by Erik Johnson.
15:25 of 1st period - Shot by Nazem Kadri.
15:25 of 1st period - Shot Misses the Net.
15:57 of 1st period - Shot by Jason Robertson.
15:57 of 1st period - Stopped by Igor Shesterkin without a rebound.
15:58 of 1st period - Nick Suzuki wins face-off versus Bo Horvat in SAN FRANCISCO SPIDERS zone.
15:58 of 1st period - Nick Suzuki is hit by Erik Gudbranson.
16:20 of 1st period - Shot by Alex Killorn.
16:20 of 1st period - Stopped by Igor Shesterkin with a rebound.
16:22 of 1st period - Shot by Reyley Smith.
16:22 of 1st period - Stopped by Igor Shesterkin with a rebound.
16:24 of 1st period - Shot by Alex Killorn.
16:24 of 1st period - Stopped by Igor Shesterkin with a rebound.
16:42 of 1st period - Shot by Bo Horvat.
16:42 of 1st period - Deflect By Mark Stone.
16:42 of 1st period - Shot Blocked by Mathew Dumba.
16:42 of 1st period - Mathew Dumba from NORTH DAKOTA HAWKS is injured at 16:42 of 1st period (Strained Right Elbow).
16:43 of 1st period - Jared McCann wins face-off versus Jack Hughes in NORTH DAKOTA HAWKS zone.
16:46 of 1st period - Shot by Jared McCann.
16:46 of 1st period - Shot Blocked by Ryan Lindgren.
17:56 of 1st period - Shot by Alexander Kerfoot.
17:56 of 1st period - Shot Misses the Net.
18:20 of 1st period - Zach Hyman is hit by Nazem Kadri and loses puck.
19:25 of 1st period - Shot by Nick Suzuki.
19:25 of 1st period - Shot Misses the Net.
19:30 of 1st period - Icing by Brenden Dillon.
19:31 of 1st period - Nic Dowd wins face-off versus Bo Horvat in SAN FRANCISCO SPIDERS zone.
19:35 of 1st period - Icing by Brenden Dillon.
19:36 of 1st period - Bo Horvat wins face-off versus Nick Suzuki in SAN FRANCISCO SPIDERS zone.
Goals for this period are 0 for NORTH DAKOTA HAWKS vs 0 for SAN FRANCISCO SPIDERS.
Shots for this period are 13 for NORTH DAKOTA HAWKS vs 13 for SAN FRANCISCO SPIDERS.

2nd period


0:01 of 2nd period - Nic Dowd wins face-off versus Jared McCann in neutral zone.
1:09 of 2nd period - Shot by Jordan Kyrou.
1:09 of 2nd period - Shot Hit the Post.
1:11 of 2nd period - Shot by Nazem Kadri.
1:11 of 2nd period - Shot Misses the Net.
1:42 of 2nd period - Minor Penalty to Nick Holden for Tripping.
1:43 of 2nd period - Bo Horvat wins face-off versus Nic Dowd in NORTH DAKOTA HAWKS zone.
1:54 of 2nd period - Shot by Bo Horvat.
1:54 of 2nd period - Stopped by Carter Hart without a rebound.
1:55 of 2nd period - Nic Dowd wins face-off versus Zach Hyman in NORTH DAKOTA HAWKS zone.
2:41 of 2nd period - Shot by Mark Stone.
2:41 of 2nd period - Stopped by Carter Hart without a rebound.
2:42 of 2nd period - Bo Horvat wins face-off versus Dillon Dube in NORTH DAKOTA HAWKS zone.
2:45 of 2nd period - Shot by Jared McCann.
2:45 of 2nd period - Shot Misses the Net.
2:47 of 2nd period - Shot by Mark Stone.
2:47 of 2nd period - Shot Misses the Net.
2:59 of 2nd period - Shot by Jared McCann.
2:59 of 2nd period - Goal by Jared McCann - NORTH DAKOTA HAWKS : 0 - SAN FRANCISCO SPIDERS : 1.
3:00 of 2nd period - Nick Suzuki wins face-off versus Trent Frederic in neutral zone.
3:00 of 2nd period - Reyley Smith is hit by Zack Kassian and loses puck.
3:07 of 2nd period - Shot by Trent Frederic.
3:07 of 2nd period - Deflect By Zack Kassian.
3:07 of 2nd period - Shot Misses the Net.
3:54 of 2nd period - Nick Suzuki is hit by Bo Horvat and loses puck.
4:13 of 2nd period - Shot by Andrei Svechnikov.
4:13 of 2nd period - Shot Blocked by Nick Holden.
4:21 of 2nd period - Shot by Mark Stone.
4:21 of 2nd period - Shot Misses the Net.
5:48 of 2nd period - Icing by Viktor Arvidsson.
5:49 of 2nd period - Nic Dowd wins face-off versus Zach Hyman in SAN FRANCISCO SPIDERS zone.
6:11 of 2nd period - Icing by Frank Vatrano.
6:12 of 2nd period - Dillon Dube wins face-off versus Jared McCann in NORTH DAKOTA HAWKS zone.
6:30 of 2nd period - Icing by Nic Dowd.
6:31 of 2nd period - Nic Dowd wins face-off versus Trent Frederic in NORTH DAKOTA HAWKS zone.
6:51 of 2nd period - Shot by Eeli Tolvanen.
6:51 of 2nd period - Shot Misses the Net.
7:14 of 2nd period - Icing by Erik Johnson.
7:15 of 2nd period - Nic Dowd wins face-off versus Zach Hyman in NORTH DAKOTA HAWKS zone.
7:40 of 2nd period - Icing by Viktor Arvidsson.
7:41 of 2nd period - Jack Hughes wins face-off versus Zach Hyman in SAN FRANCISCO SPIDERS zone.
7:42 of 2nd period - Shot by Jake DeBrusk.
7:42 of 2nd period - Stopped by Igor Shesterkin without a rebound.
7:43 of 2nd period - Bo Horvat wins face-off versus Jack Hughes in SAN FRANCISCO SPIDERS zone.
7:56 of 2nd period - Shot by Andrei Svechnikov.
7:56 of 2nd period - Shot Misses the Net.
8:07 of 2nd period - Shot by Patrick Kane.
8:07 of 2nd period - Stopped by Igor Shesterkin without a rebound.
8:08 of 2nd period - Nazem Kadri wins face-off versus Zach Hyman in SAN FRANCISCO SPIDERS zone.
8:17 of 2nd period - Shot by Jason Robertson.
8:17 of 2nd period - Shot Blocked by Zach Hyman.
8:32 of 2nd period - Off-side.
8:33 of 2nd period - Bo Horvat wins face-off versus Jack Hughes in neutral zone.
8:38 of 2nd period - Shot by Bo Horvat.
8:38 of 2nd period - Stopped by Carter Hart without a rebound.
8:39 of 2nd period - Nick Suzuki wins face-off versus Jared McCann in NORTH DAKOTA HAWKS zone.
8:47 of 2nd period - Shot by Alex Killorn.
8:47 of 2nd period - Stopped by Igor Shesterkin without a rebound.
8:48 of 2nd period - Bo Horvat wins face-off versus Nazem Kadri in SAN FRANCISCO SPIDERS zone.
9:23 of 2nd period - Mark Stone is hit by Jordan Kyrou.
9:49 of 2nd period - Shot by Jared McCann.
9:49 of 2nd period - Stopped by Carter Hart without a rebound.
9:50 of 2nd period - Alex Killorn wins face-off versus Zach Hyman in NORTH DAKOTA HAWKS zone.
9:56 of 2nd period - Off-side.
9:57 of 2nd period - Nick Suzuki wins face-off versus Jared McCann in neutral zone.
10:06 of 2nd period - Shot by Reyley Smith.
10:06 of 2nd period - Stopped by Igor Shesterkin without a rebound.
10:07 of 2nd period - Nick Suzuki wins face-off versus Zach Hyman in SAN FRANCISCO SPIDERS zone.
10:33 of 2nd period - Minor Penalty to Alexander Kerfoot for Hooking.
10:34 of 2nd period - Nazem Kadri wins face-off versus Andrei Svechnikov in SAN FRANCISCO SPIDERS zone.
11:03 of 2nd period - Shot by Nazem Kadri.
11:03 of 2nd period - Shot Misses the Net.
11:05 of 2nd period - Shot by Nazem Kadri.
11:05 of 2nd period - Shot Misses the Net.
11:07 of 2nd period - Shot by Jason Robertson.
11:07 of 2nd period - Shot Misses the Net.
11:13 of 2nd period - Shot by Nazem Kadri.
11:13 of 2nd period - Goal by Nazem Kadri - NORTH DAKOTA HAWKS : 1 - SAN FRANCISCO SPIDERS : 1.
11:14 of 2nd period - Nick Suzuki wins face-off versus Jared McCann in neutral zone.
11:58 of 2nd period - Shot by Nick Suzuki.
11:58 of 2nd period - Shot Misses the Net.
12:10 of 2nd period - Dillon Dube is hit by Jared McCann and loses puck.
12:33 of 2nd period - Shot by Alexander Kerfoot.
12:33 of 2nd period - Deflect By Viktor Arvidsson.
12:33 of 2nd period - Stopped by Carter Hart without a rebound.
12:34 of 2nd period - Nazem Kadri wins face-off versus Bo Horvat in NORTH DAKOTA HAWKS zone.
12:34 of 2nd period - Nazem Kadri is hit by Andrei Svechnikov.
12:42 of 2nd period - Shot by Nazem Kadri.
12:42 of 2nd period - Stopped by Igor Shesterkin without a rebound.
12:43 of 2nd period - Bo Horvat wins face-off versus Nazem Kadri in SAN FRANCISCO SPIDERS zone.
12:45 of 2nd period - Icing by Andrei Svechnikov.
12:46 of 2nd period - Bo Horvat wins face-off versus Jack Hughes in SAN FRANCISCO SPIDERS zone.
13:11 of 2nd period - Shot by Brenden Dillon.
13:11 of 2nd period - Shot Misses the Net.
13:13 of 2nd period - Shot by Brenden Dillon.
13:13 of 2nd period - Stopped by Carter Hart without a rebound.
13:14 of 2nd period - Zach Hyman wins face-off versus Nazem Kadri in NORTH DAKOTA HAWKS zone.
13:23 of 2nd period - Shot by Alexander Kerfoot.
13:23 of 2nd period - Shot Misses the Net.
13:25 of 2nd period - Shot by Zach Hyman.
13:25 of 2nd period - Stopped by Carter Hart without a rebound.
13:26 of 2nd period - Jared McCann wins face-off versus Nick Suzuki in NORTH DAKOTA HAWKS zone.
13:45 of 2nd period - Minor Penalty to Nick Holden for Interference.
13:46 of 2nd period - Bo Horvat wins face-off versus Nic Dowd in NORTH DAKOTA HAWKS zone.
14:10 of 2nd period - Marc Staal is hit by Mark Stone and loses puck.
14:23 of 2nd period - Shot by Mark Stone.
14:23 of 2nd period - Stopped by Carter Hart without a rebound.
14:24 of 2nd period - Nic Dowd wins face-off versus Zach Hyman in NORTH DAKOTA HAWKS zone.
14:47 of 2nd period - Shot by Andrei Svechnikov.
14:47 of 2nd period - Shot Misses the Net.
14:58 of 2nd period - Off-side.
14:59 of 2nd period - Jared McCann wins face-off versus Dillon Dube in neutral zone.
15:16 of 2nd period - Shot by Mark Stone.
15:16 of 2nd period - Shot Blocked by Erik Johnson.
15:18 of 2nd period - Shot by Mark Stone.
15:18 of 2nd period - Stopped by Carter Hart with a rebound.
15:20 of 2nd period - Shot by Erik Gudbranson.
15:20 of 2nd period - Goal by Erik Gudbranson - NORTH DAKOTA HAWKS : 1 - SAN FRANCISCO SPIDERS : 2.
15:21 of 2nd period - Zach Hyman wins face-off versus Nazem Kadri in neutral zone.
15:30 of 2nd period - Shot by Zach Hyman.
15:30 of 2nd period - Stopped by Carter Hart without a rebound.
15:31 of 2nd period - Bo Horvat wins face-off versus Nazem Kadri in NORTH DAKOTA HAWKS zone.
15:57 of 2nd period - Shot by Andrei Svechnikov.
15:57 of 2nd period - Shot Blocked by Ryan Lindgren.
15:59 of 2nd period - Shot by Sean Durzi.
15:59 of 2nd period - Shot Blocked by Nick Holden.
16:10 of 2nd period - Jason Robertson is hit by Andrei Svechnikov and loses puck.
16:34 of 2nd period - Icing by Erik Gudbranson.
16:35 of 2nd period - Jack Hughes wins face-off versus Viktor Arvidsson in SAN FRANCISCO SPIDERS zone.
16:55 of 2nd period - Erik Gudbranson is hit by Patrick Kane and loses puck.
17:59 of 2nd period - Shot by Nick Suzuki.
17:59 of 2nd period - Shot Misses the Net.
18:01 of 2nd period - Shot by Reyley Smith.
18:01 of 2nd period - Shot Misses the Net.
18:03 of 2nd period - Shot by Ryan Lindgren.
18:03 of 2nd period - Shot Blocked by Michael Anderson.
18:27 of 2nd period - Icing by Kirby Dach.
18:28 of 2nd period - Jared McCann wins face-off versus Nazem Kadri in SAN FRANCISCO SPIDERS zone.
18:28 of 2nd period - Jared McCann is hit by Nazem Kadri.
18:43 of 2nd period - Jason Robertson is hit by Sean Walker and loses puck.
18:46 of 2nd period - Shot by Jason Robertson.
18:46 of 2nd period - Shot Misses the Net.
18:51 of 2nd period - Icing by Trevor Moore.
18:52 of 2nd period - Jared McCann wins face-off versus Jack Hughes in SAN FRANCISCO SPIDERS zone.
19:55 of 2nd period - Nazem Kadri is hit by Sean Walker and loses puck.
Goals for this period are 1 for NORTH DAKOTA HAWKS vs 2 for SAN FRANCISCO SPIDERS.
Shots for this period are 6 for NORTH DAKOTA HAWKS vs 12 for SAN FRANCISCO SPIDERS.

3rd period


0:01 of 3rd period - Bo Horvat wins face-off versus Nazem Kadri in neutral zone.
0:37 of 3rd period - Shot by Bo Horvat.
0:37 of 3rd period - Stopped by Carter Hart without a rebound.
0:38 of 3rd period - Zach Hyman wins face-off versus Nick Suzuki in NORTH DAKOTA HAWKS zone.
1:21 of 3rd period - Shot by Nick Suzuki.
1:21 of 3rd period - Shot Blocked by Sean Durzi.
1:23 of 3rd period - Shot by Reyley Smith.
1:23 of 3rd period - Shot Misses the Net.
1:35 of 3rd period - Shot by Jack Hughes.
1:35 of 3rd period - Stopped by Igor Shesterkin without a rebound.
1:36 of 3rd period - Bo Horvat wins face-off versus Nazem Kadri in SAN FRANCISCO SPIDERS zone.
2:06 of 3rd period - Shot by Nazem Kadri.
2:06 of 3rd period - Stopped by Igor Shesterkin without a rebound.
2:07 of 3rd period - Jared McCann wins face-off versus Jack Hughes in SAN FRANCISCO SPIDERS zone.
2:53 of 3rd period - Icing by Jake DeBrusk.
2:54 of 3rd period - Bo Horvat wins face-off versus Jack Hughes in NORTH DAKOTA HAWKS zone.
2:59 of 3rd period - Shot by Andrei Svechnikov.
2:59 of 3rd period - Stopped by Carter Hart without a rebound.
3:00 of 3rd period - Nazem Kadri wins face-off versus Bo Horvat in NORTH DAKOTA HAWKS zone.
3:00 of 3rd period - Nazem Kadri is hit by Bo Horvat.
3:35 of 3rd period - Minor Penalty to Bo Horvat for Holding.
3:36 of 3rd period - Nick Suzuki wins face-off versus Zach Hyman in SAN FRANCISCO SPIDERS zone.
3:37 of 3rd period - Shot by Alex Killorn.
3:37 of 3rd period - Stopped by Igor Shesterkin without a rebound.
3:38 of 3rd period - Nick Suzuki wins face-off versus Zach Hyman in SAN FRANCISCO SPIDERS zone.
4:18 of 3rd period - Shot by Zach Hyman.
4:18 of 3rd period - Shot Misses the Net.
4:20 of 3rd period - Shot by Erik Gudbranson.
4:20 of 3rd period - Shot Misses the Net.
4:22 of 3rd period - Shot by Mark Stone.
4:22 of 3rd period - Shot Misses the Net.
4:24 of 3rd period - Shot by Erik Gudbranson.
4:24 of 3rd period - Stopped by Carter Hart with a rebound.
4:28 of 3rd period - Shot by Zach Hyman.
4:28 of 3rd period - Stopped by Carter Hart without a rebound.
4:29 of 3rd period - Nazem Kadri wins face-off versus Andrei Svechnikov in NORTH DAKOTA HAWKS zone.
4:29 of 3rd period - Nazem Kadri is hit by Andrei Svechnikov.
4:39 of 3rd period - Adam Larsson is hit by Jordan Kyrou and loses puck.
5:09 of 3rd period - Shot by Jack Hughes.
5:09 of 3rd period - Stopped by Igor Shesterkin with a rebound.
5:11 of 3rd period - Shot by Nazem Kadri.
5:11 of 3rd period - Shot Misses the Net.
6:06 of 3rd period - Shot by Eeli Tolvanen.
6:06 of 3rd period - Deflect By Zack Kassian.
6:06 of 3rd period - Shot Misses the Net.
6:08 of 3rd period - Shot by Trent Frederic.
6:08 of 3rd period - Shot Misses the Net.
6:55 of 3rd period - Minor Penalty to Nick Holden for Tripping.
6:56 of 3rd period - Bo Horvat wins face-off versus Jordan Kyrou in NORTH DAKOTA HAWKS zone.
7:01 of 3rd period - Shot by Bo Horvat.
7:01 of 3rd period - Stopped by Carter Hart without a rebound.
7:02 of 3rd period - Bo Horvat wins face-off versus Jordan Kyrou in NORTH DAKOTA HAWKS zone.
8:37 of 3rd period - Icing by Trevor Moore.
8:38 of 3rd period - Dillon Dube wins face-off versus Trevor Moore in SAN FRANCISCO SPIDERS zone.
9:15 of 3rd period - Shot by Eeli Tolvanen.
9:15 of 3rd period - Shot Misses the Net.
9:17 of 3rd period - Shot by Zack Kassian.
9:17 of 3rd period - Shot Blocked by Nick Holden.
9:19 of 3rd period - Shot by Trent Frederic.
9:19 of 3rd period - Shot Blocked by Nick Holden.
9:33 of 3rd period - Shot by Trent Frederic.
9:33 of 3rd period - Stopped by Carter Hart without a rebound.
9:34 of 3rd period - Nazem Kadri wins face-off versus Zach Hyman in NORTH DAKOTA HAWKS zone.
9:34 of 3rd period - Nazem Kadri is hit by Zach Hyman.
9:48 of 3rd period - Shot by Alexander Kerfoot.
9:48 of 3rd period - Stopped by Carter Hart with a rebound.
10:07 of 3rd period - Nazem Kadri is hit by Brenden Dillon and loses puck.
10:13 of 3rd period - Nazem Kadri is hit by Erik Gudbranson and loses puck.
10:54 of 3rd period - Shot by Bo Horvat.
10:54 of 3rd period - Shot Misses the Net.
10:56 of 3rd period - Shot by Mark Stone.
10:56 of 3rd period - Shot Misses the Net.
10:58 of 3rd period - Shot by Sean Durzi.
10:58 of 3rd period - Stopped by Carter Hart without a rebound.
10:59 of 3rd period - Nick Suzuki wins face-off versus Jared McCann in NORTH DAKOTA HAWKS zone.
11:18 of 3rd period - Reyley Smith is hit by Jared McCann and loses puck.
12:01 of 3rd period - Shot by Nazem Kadri.
12:01 of 3rd period - Stopped by Igor Shesterkin without a rebound.
12:02 of 3rd period - Bo Horvat wins face-off versus Jack Hughes in SAN FRANCISCO SPIDERS zone.
12:08 of 3rd period - Mark Stone is hit by Ryan Lindgren and loses puck.
12:12 of 3rd period - Icing by Ryan Lindgren.
12:13 of 3rd period - Zach Hyman wins face-off versus Jack Hughes in NORTH DAKOTA HAWKS zone.
12:21 of 3rd period - Alexander Kerfoot is hit by Ryan Lindgren.
12:25 of 3rd period - Shot by Zach Hyman.
12:25 of 3rd period - Stopped by Carter Hart without a rebound.
12:26 of 3rd period - Bo Horvat wins face-off versus Nazem Kadri in NORTH DAKOTA HAWKS zone.
12:29 of 3rd period - Shot by Andrei Svechnikov.
12:29 of 3rd period - Shot Misses the Net.
12:35 of 3rd period - Shot by Mark Stone.
12:35 of 3rd period - Stopped by Carter Hart without a rebound.
12:36 of 3rd period - Bo Horvat wins face-off versus Nick Suzuki in NORTH DAKOTA HAWKS zone.
12:40 of 3rd period - Icing by Alex Killorn.
12:41 of 3rd period - Nick Suzuki wins face-off versus Bo Horvat in NORTH DAKOTA HAWKS zone.
12:47 of 3rd period - Off-side.
12:48 of 3rd period - Bo Horvat wins face-off versus Nazem Kadri in neutral zone.
13:13 of 3rd period - Bo Horvat is hit by Erik Johnson and loses puck.
14:08 of 3rd period - Shot by Alexander Kerfoot.
14:08 of 3rd period - Stopped by Carter Hart without a rebound.
14:09 of 3rd period - Jared McCann wins face-off versus Jack Hughes in NORTH DAKOTA HAWKS zone.
14:15 of 3rd period - Icing by Ryan Lindgren.
14:16 of 3rd period - Zach Hyman wins face-off versus Jack Hughes in NORTH DAKOTA HAWKS zone.
14:21 of 3rd period - Shot by Zach Hyman.
14:21 of 3rd period - Shot Blocked by Nick Holden.
15:34 of 3rd period - Shot by Bo Horvat.
15:34 of 3rd period - Shot Misses the Net.
15:41 of 3rd period - Icing by Erik Johnson.
15:42 of 3rd period - Alex Killorn wins face-off versus Jared McCann in NORTH DAKOTA HAWKS zone.
16:11 of 3rd period - Shot by Jared McCann.
16:11 of 3rd period - Stopped by Carter Hart with a rebound.
16:13 of 3rd period - Shot by Michael Anderson.
16:13 of 3rd period - Shot Blocked by Marc Staal.
16:15 of 3rd period - Shot by Michael Anderson.
16:15 of 3rd period - Stopped by Carter Hart without a rebound.
16:16 of 3rd period - Bo Horvat wins face-off versus Jack Hughes in NORTH DAKOTA HAWKS zone.
16:19 of 3rd period - Shot by Mark Stone.
16:19 of 3rd period - Shot Misses the Net.
16:34 of 3rd period - Icing by Marc Staal.
16:35 of 3rd period - Jack Hughes wins face-off versus Zach Hyman in NORTH DAKOTA HAWKS zone.
16:50 of 3rd period - Shot by Zach Hyman.
16:50 of 3rd period - Stopped by Carter Hart without a rebound.
16:51 of 3rd period - Nazem Kadri wins face-off versus Andrei Svechnikov in NORTH DAKOTA HAWKS zone.
16:53 of 3rd period - Icing by Jason Robertson.
16:54 of 3rd period - Zach Hyman wins face-off versus Nazem Kadri in NORTH DAKOTA HAWKS zone.
17:13 of 3rd period - Shot by Jordan Kyrou.
17:13 of 3rd period - Stopped by Igor Shesterkin without a rebound.
17:14 of 3rd period - Nick Suzuki wins face-off versus Bo Horvat in SAN FRANCISCO SPIDERS zone.
17:49 of 3rd period - Shot by Alex Killorn.
17:49 of 3rd period - Shot Misses the Net.
19:19 of 3rd period - Shot by Trevor Moore.
19:19 of 3rd period - Shot Hit the Post.
19:24 of 3rd period - Icing by Ryan Lindgren.
19:25 of 3rd period - Bo Horvat wins face-off versus Nick Suzuki in NORTH DAKOTA HAWKS zone.
19:26 of 3rd period - Shot by Mark Stone.
19:26 of 3rd period - Stopped by Carter Hart without a rebound.
19:27 of 3rd period - Bo Horvat wins face-off versus Nazem Kadri in NORTH DAKOTA HAWKS zone.
19:30 of 3rd period - Shot by Viktor Arvidsson.
19:30 of 3rd period - Shot Misses the Net.
19:49 of 3rd period - NORTH DAKOTA HAWKS, Carter Hart is pulled from the net.
Goals for this period are 0 for NORTH DAKOTA HAWKS vs 0 for SAN FRANCISCO SPIDERS.
Shots for this period are 6 for NORTH DAKOTA HAWKS vs 15 for SAN FRANCISCO SPIDERS.


SEBASTIAN
AHO
MARK
SCHEIFELE
JAKE
OETTINGER

EAST COAST

HOCKEY LEAGUE

  • 17.QUE3CHI2
  • 18.CHA2LIM4
  • 19.TRV3LON2
  • 20.CHW1BAL2
  • 21.PITMAN
  • 22.ATLNHW
  • 23.WORPET
  • 24.RHI